 Dungeon Crawl Stone Soup version 0.32-a0-859-gb0a091d592 (webtiles) character file.

Game seed: 14957885043351030379

602 porpoise the Shield-Bearer (level 7, -6/56 HPs)
             Began as a Formicid Fighter on Mar 28, 2024.
             Mangled by a water moccasin (7 damage)
             ... on level 5 of the Dungeon.
             The game lasted 00:11:02 (3470 turns).

porpoise the Shield-Bearer (Formicid Fighter)       Turns: 3470, Time: 00:11:03

Health: -6/56      AC: 10    Str: 23    XL:     7   Next: 69%
Magic:  7/7        EV:  7    Int:  7    God:
Gold:   213        SH:  5    Dex: 13    Spells: 6/6 levels left

rFire   . . .        a - +0 war axe
rCold   . . .        c - +0 buckler
rNeg    . . .        o - +0 chain mail
rPois   +            (helmet unavailable)
rElec   .            (no cloak)
rCorr   .            (no gloves)
SInv    +            h - +0 pair of boots
Will    .....        (no amulet) Stlth
                     r - ring of poison resistance
HPRegen 0.29/turn    (no ring)
MPRegen 0.10/turn

%: no passive effects
@: no status effects
A: permanent stasis, dig shafts and tunnels, antennae 3, four strong arms
a: Dig, Shaft Self


You were on level 5 of the Dungeon.
You visited 1 branch of the dungeon, and saw 5 of its levels.

You collected 261 gold pieces.
You spent 48 gold pieces at shops.

Inventory:

Hand Weapons
 a - a +0 war axe (weapon)
 b - a +0 sling
Missiles
 j - 4 atropa-tipped darts
 s - 5 poisoned darts
Armour
 c - a +0 buckler (worn)
 h - a +0 pair of boots (worn)
 o - a +0 chain mail (worn)
Jewellery
 r - a ring of poison resistance (left hand)
 t - an amulet of magic regeneration
Wands
 u - a wand of paralysis (7)
Scrolls
 f - 4 scrolls of noise
 g - a scroll of silence {unknown}
 l - a scroll of vulnerability {unknown}
 n - a scroll of enchant weapon {unknown}
 q - a scroll of fear {unknown}
 v - a scroll of immolation {unknown}
 w - a scroll of amnesia {unknown}
Potions
 d - 4 potions of might
 e - a potion of enlightenment {unknown}
 i - 4 potions of heal wounds {unknown}
 k - 2 potions of haste {unknown}
 m - 2 potions of curing
 p - a potion of degeneration
 x - a potion of lignification {unknown}


   Skills:
 + Level 5.3 Fighting
 * Level 5.8 Axes
 - Level 3.2 Armour
 + Level 6.4 Shields


You had 6 spell levels left.
You didn't know any spells.
Your spell library contained the following spells:

 Spells                   Type           Power      Damage    Failure   Level
 Call Canine Familiar     Summ           0%         N/A       100%        3
 Sigil of Binding         Hex            0%         N/A       100%        3
 Dimensional Bullseye     Hex/Tloc       0%         N/A       100%        4


Dungeon Overview and Level Annotations

Branches:
Dungeon (5/15)
 Temple: D:4-7

Altars:
Cheibriados
Vehumet
Wu Jian

Shops:
D:1 ?   D:3 !


Innate Abilities, Weirdness & Mutations

You cannot be hasted, slowed, berserked, paralysed or teleported.
You can dig through walls and to a lower floor.
You have a pair of large antennae on your head. (SInv)
Your four strong arms can wield two-handed weapons with a shield.


Message History

The centaur hits you but does no damage.
The centaur kicks you but does no damage.
You block the water moccasin's attack.
The centaur hits you but does no damage.
The centaur kicks you but does no damage.
The water moccasin completely misses you.
You miss the water moccasin.
The water moccasin is severely wounded.
You hit the centaur but do no damage.
You feel sick. The centaur barely misses you.
The centaur kicks you but does no damage.
The water moccasin bites you.
* * * LOW HITPOINT WARNING * * *
You block the centaur's attack. The centaur kicks you.
* * * LOW HITPOINT WARNING * * *
You block the water moccasin's attack.
You hit the water moccasin but do no damage.
The water moccasin is severely wounded.
You barely miss the centaur.
You feel sick.
The centaur hits you but does no damage.
The centaur kicks you.
* * * LOW HITPOINT WARNING * * *
The water moccasin bites you.
* * * LOW HITPOINT WARNING * * *
The centaur closely misses you.
The centaur kicks you but does no damage.
You slash the water moccasin!
The water moccasin is almost dead.
You completely miss the centaur.
You feel sick.
You are no longer poisoned.
The water moccasin bites you.
* * * LOW HITPOINT WARNING * * *
The centaur closely misses you.
The centaur kicks you but does no damage.
The water moccasin barely misses you. The centaur barely misses you.
You block the centaur's attack.
You closely miss the water moccasin.
The water moccasin is almost dead.
You hit the centaur. The water moccasin bites you!
You die...

#..#............
#.....##......#.
##.#.....######
#.#.##..# #
#.##..#
#.##..######.#.
#. #...........
#..######.#.
##@#
......S.c......
###.....#######
####... ###> .#
.. ..


You could see a water moccasin and a centaur.

Vanquished Creatures
  Sigmund (D:2)
  2 scorpions (D:4)
  An orc priest (D:4)
  3 iguanas
  Terence (D:3)
  A statue (D:4)
  11 adders
  2 dart slugs
  3 ribbon worms
  5 orcs
  4 endoplasms
  3 giant cockroaches
  4 goblins
  3 hobgoblins
  6 jackals (D:1)
  7 kobolds
  3 quokkas
  5 ball pythons
  2 bats (D:1)
  3 rats
70 creatures vanquished.

Notes
Turn   | Place    | Note
-------+----------+-------------------------------------------
     0 | D:1      | porpoise the Formicid Fighter began the quest for the Orb.
     0 | D:1      | Reached XP level 1. HP: 18/18 MP: 1/1
    31 | D:1      | Found Luhos's Magic Scroll Boutique.
   127 | D:1      | Reached XP level 2. HP: 24/24 MP: 2/2
   434 | D:1      | Reached XP level 3. HP: 27/29 MP: 3/3
   727 | D:2      | Reached XP level 4. HP: 37/37 MP: 4/4
   883 | D:2      | Noticed Sigmund
   898 | D:2      | Killed Sigmund
   899 | D:2      | Reached skill level 5 in Shields
   899 | D:2      | Reached XP level 5. HP: 8/43 MP: 5/5
   899 | D:2      | Reached XP level 6. HP: 9/49 MP: 6/6
  1738 | D:3      | Noticed Terence
  1750 | D:3      | Killed Terence
  1851 | D:3      | Found Elivu's Distillery.
  1855 | D:3      | Bought a potion of degeneration for 12 gold pieces
  1855 | D:3      | Bought a potion of curing for 36 gold pieces
  1938 | D:3      | Found an ornate altar of the Wu Jian Council.
  1964 | D:3      | Found a snail-covered altar of Cheibriados.
  2655 | D:4      | Reached skill level 5 in Axes
  2694 | D:4      | Reached skill level 5 in Fighting
  2694 | D:4      | Reached skill level 6 in Shields
  2694 | D:4      | Reached XP level 7. HP: 41/56 MP: 7/7
  2882 | D:4      | Found a radiant altar of Vehumet.
  3383 | D:5      | Entered Level 5 of the Dungeon
  3457 | D:5      | Noticed a water moccasin
  3469 | D:5      | HP: 1/56 [water moccasin (3)]
  3470 | D:5      | Mangled by a water moccasin

Illustrated notes

Levels and vault maps discovered:
D:1:      lemuel_arrival_tunnels, layout_rooms, serial_shops, shop_scrolls
D:2:      layout_basic, uniq_sigmund
D:3:      layout_loops_ring, mainiacjoe_overflow_catch_the_wave, serial_shops,
          shop, uniq_terence
D:4:      layout_cave_pools, vehumet_statue
D:5:      layout_basic, minmay_temple_entry_waves,
          ebering_ghost_reflecting_pool, uniq_eustachio

Skill      XL: |  1  2  3  4  5  6 |
---------------+-------------------+-----
Axes           | 3 4 5 |  5.8
Fighting       | 4 5 |  5.3
Shields        | 5 6 |  6.4
Armour         | |  3.2

Action                     |  1- 3 |  4- 6 |  7- 9 || total
---------------------------+-------+-------+-------++-------
  Melee: War axe           |    62 |   120 |    59 ||   241
   Fire: Sling             |    10 |     3 |    35 ||    48
    Use: Scroll            |     1 |     1 |       ||     2
 Armour: Scale mail        |    51 |    33 |       ||    84
         Chain mail        |       |    38 |    94 ||   132
  Dodge: Dodged            |    32 |    41 |    34 ||   107
  Block: Buckler           |    24 |    20 |    17 ||    61

Table legend: (Time is in decaauts)
 A = Elapsed time spent in this place.
 B = Non-inter-level travel time spent in this place.
 C = Inter-level travel time spent in this place.
 D = Time resting spent in this place.
 E = Time spent auto-exploring this place.
 F = Levels seen in this place.
 G = Mean time per level.
                   A        B        C        D        E       F      G
               +--------+--------+--------+--------+--------+-----+--------+
         Total |   3572 |   3440 |    132 |    594 |   2087 |   5 |  714.4 |
       Dungeon |   3572 |   3440 |    132 |    594 |   2087 |   5 |  714.4 |
               +--------+--------+--------+--------+--------+-----+--------+

Top non-repeatable levels by time:
     D:2: 1177 daAuts
     D:3: 896 daAuts
     D:4: 822 daAuts
     D:1: 585 daAuts
     D:5: 89 daAuts
